 Dungeon Crawl Stone Soup version 0.30-a0-475-g03497ec522 (webtiles) character file.

Game seed: 12526928330539190504

99374 Armakuni the Holy Warrior (level 16, -4/122 HPs)
             Began as a Human Monk on Dec 20, 2022.
             Was a Priest of the Shining One.
             Slain by a sun demon (13 damage)
             ... on level 1 of the Depths.
             The game lasted 01:25:35 (25564 turns).

Armakuni the Holy Warrior (Human Monk)             Turns: 25564, Time: 01:25:36

Health: -4/122     AC: 18    Str: 19    XL:     16   Next: 76%
Magic:  17/29      EV: 17    Int: 13    God:    the Shining One [***...]
Gold:   321        SH:  0    Dex: 16    Spells: 19/21 levels left

rFire   . . .      SeeInvis +    a - staff of poison
rCold   . . .      Faith    .    (no shield)
rNeg    + . .      Spirit   .    B - +1 troll leather armour
rPois   +          Reflect  .    l - +2 hat {SInv}
rElec   .          Harm     .    S - scarf {repulsion}
rCorr   +          Rampage  .    M - +0 pair of gloves
Will    +....                    g - +1 pair of boots {Stlth+}
Stlth   +.........               (no amulet)
HPRegen 1.20/turn                A - +4 ring of protection
MPRegen 0.21/turn                K - ring of resist corrosion

@: glowing, studying 2 skills, repel missiles
A: iridescent scales 1, strong 1
a: Renounce Religion, Divine Shield, Cleansing Flame


You were on level 1 of the Depths.
You worshipped the Shining One.
The Shining One was most pleased with you.
You visited 5 branches of the dungeon, and saw 24 of its levels.
You also visited: Sewer.

You collected 2404 gold pieces.
You spent 2083 gold pieces at shops.

Inventory:

Hand Weapons
 b - a +3 quarterstaff of electrocution
Missiles
 c - a curare-tipped dart (quivered)
 e - 4 boomerangs of dispersal
 o - 4 javelins
 E - 12 boomerangs
Armour
 g - a +1 pair of boots of stealth (worn)
 l - a +2 hat of see invisible (worn)
 B - a +1 troll leather armour (worn)
 M - a +0 pair of gloves (worn)
 S - a scarf of repulsion (worn)
Magical Staves
 a - a staff of poison (weapon)
 D - a staff of cold
Jewellery
 A - a +4 ring of protection (left hand)
 I - a ring of see invisible
 K - a ring of resist corrosion (right hand)
 L - a ring of flight
Wands
 p - a wand of polymorph (12)
 r - a wand of roots (9)
 v - a wand of flame (21)
 Q - a wand of digging (8)
Scrolls
 f - 4 scrolls of magic mapping
 h - 13 scrolls of teleportation
 k - a scroll of silence
 m - a scroll of poison
 q - a scroll of identify
 t - 5 scrolls of fear
 u - 6 scrolls of vulnerability
 w - 5 scrolls of blinking
 F - a scroll of summoning
 G - 3 scrolls of fog
 P - 4 scrolls of immolation
 R - a scroll of amnesia
 X - a scroll of brand weapon
Potions
 d - a potion of invisibility
 i - 6 potions of curing
 j - 4 potions of brilliance
 n - 11 potions of ambrosia
 s - 3 potions of lignification
 x - 4 potions of magic
 y - 6 potions of mutation
 z - 8 potions of heal wounds
 C - 2 potions of flight
 H - 3 potions of haste
 T - 2 potions of cancellation
Miscellaneous
 N - a tin of tremorstones (1/2)


   Skills:
 - Level 10.0 Fighting
 - Level 12.0 Staves
 - Level 10.0 Armour
 - Level 10.0 Dodging
 - Level 2.0 Stealth
 - Level 4.5 Unarmed Combat
 - Level 3.0 Spellcasting
 - Level 5.0 Transmutations
 - Level 10.0 Poison Magic
 + Level 19.3 Invocations
 - Level 10.0 Evocations


You had 19 spell levels left.
You knew the following spells:

 Your Spells              Type           Power      Damage    Failure   Level
w - Wereblood             Tmut           15%        N/A       4%          2

Your spell library contained the following spells:

 Spells                   Type           Power      Damage    Failure   Level
 Sublimation of Blood     Necr           1%         N/A       36%         2
 Dazzling Flash           Conj/Hex       2%         N/A       61%         3
 Stone Arrow              Conj/Erth      2%         3d7       61%         3
 Tukima's Dance           Hex            1%         N/A       61%         3
 Blade Hands              Tmut           7%         N/A       67%         5
 Animate Armour           Summ/Erth      2%         N/A       95%         4
 Animate Dead             Necr           1%         N/A       95%         4
 Iskenderun's Mystic Bla  Conj/Tloc      1%         2d3       95%         4
 Passage of Golubria      Tloc           1%         N/A       95%         4
 Irradiate                Conj/Tmut      4%         3d13      95%         5
 Yara's Violent Unravell  Hex/Tmut       4%         3d4       95%         5
 Borgnjor's Vile Clutch   Necr/Erth      0%         N/A       100%        5
 Freezing Cloud           Conj/Ice/Air   0%         6-21      100%        5
 Death Channel            Necr           0%         N/A       100%        6
 Simulacrum               Ice/Necr       0%         N/A       100%        6
 Starburst                Conj/Fire      0%         6d3       100%        6
 Dragon Form              Tmut           7%         N/A       100%        7
 Summon Hydra             Summ           0%         N/A       100%        7
 Lehudib's Crystal Spear  Conj/Erth      0%         10d2      100%        8
 Polar Vortex             Ice            0%         N/A       100%        9


Dungeon Overview and Level Annotations

Branches:
Dungeon (15/15)            Temple (1/1) D:4            Lair (5/5) D:9
 Shoals (0/4) Lair:2        Snake (0/4) Lair:2          Orc (2/2) D:12
    Elf (0/3) Orc:2        Vaults (0/5) D:14         Depths (1/4) D:15
  Sewer (visited)
  Slime: Lair:4-5

Altars:
Ashenzari
Cheibriados
Dithmenos
Elyvilon
Fedhas
Gozag
Hepliaklqana
Kikubaaqudgha
Makhleb
Nemelex Xobeh
Okawaru
Qazlal
Ru
Sif Muna
Trog
Uskayaw
Vehumet
Wu Jian
Xom
Yredelemnul
Zin
The Shining One

Shops:
D:6 (   D:10 **   D:13 :   Orc:1 :   Orc:2 :[!:

Portals:
Trove: D:14 (give horn of Geryon)

Annotations:
D:10 3 runed translucent doors, exclusion: 3 doors, Cosuykann's ghost, journeyman HuIE; initializr's ghost, journeyman OgVM
D:14 2 transporters, exclusion: ice statue, Ticzumol's ghost, journeyman DEFE
Lair:2 exclusion: 3 oklob plants
Lair:5 exclusion: 3 oklob plants


Innate Abilities, Weirdness & Mutations

You are partially covered in iridescent scales. (AC +2)
Your muscles are strong. (Str +4, Int/Dex -1)


Message History

The ice dragon is heavily wounded.
You hit the ice dragon.
You envenom the ice dragon.
Your punch misses the ice dragon.
The ice dragon is severely wounded.
The ice dragon closely misses you. x2
The ice dragon tramples you but does no damage.
Activating: Cleansing Flame (0% risk of failure)
Press: ? - help, Dir - look around, f - activate The golden flame engulfs you but does no damage.
You resist.
The golden flame engulfs the ice dragon!!
The ice dragon is almost dead.
You hear a shout!
The ice dragon breathes frost at you. The blast of cold hits you!!
* * * LOW HITPOINT WARNING * * *
Activating: Cleansing Flame (0% risk of failure)
Press: ? - help, Dir - look around, f - activate The golden flame engulfs you but does no damage.
You resist.
The golden flame engulfs the ice dragon!!!
You kill the ice dragon!
There is an open door here.
There is an open door here.
A sun demon comes into view.
Activating: Cleansing Flame (0% risk of failure)
Press: ? - help, Dir - look around, f - activate The golden flame engulfs you but does no damage.
You resist.
The golden flame engulfs the sun demon!!
The sun demon writhes in agony!
The sun demon is heavily wounded.
The sun demon hits you!
* * * LOW HITPOINT WARNING * * *
You are engulfed in flames!
* * * LOW HITPOINT WARNING * * *
The sun demon hits you!
* * * LOW HITPOINT WARNING * * *
You are engulfed in flames!
You die...

... .# !. #.# #D#### #.#
#....## ##.### # #..#
###....# # ########[##
##......# ### #.........#
#).#....#####.'
#........3###.##..........#
#.........@...##....#######
#.........######....# #
####'###### #....# # #..#
#....# # ##.# ###.## # #=#
##.# #^# ##..# #####'#####
#.<## #.........#
####'#######


You could see a sun demon.

Vanquished Creatures
  Saint Roka (Orc:2)
  Gastronok (Lair:1)
  A very ugly thing (D:14)
  Snorg (Lair:4)
  An ettin (Orc:2)
  A fire dragon (Lair:5)
  An entropy weaver (shapeshifter) (D:11)
  An ice dragon (Depths:1)
  A rakshasa (Depths:1)
  2 spriggan air magi (Depths:1)
  3 centaur warriors
  7 hydras
  2 catoblepae
  3 boulder beetles
  2 dancing weapons (D:13)
  7 death yaks
  3 two-headed ogres
  6 orc high priests
  A soul eater (Depths:1)
  2 sun demons (Depths:1)
  2 skeletal warriors
  A flayed ghost (Depths:1)
  A lindwurm (Lair:5)
  A deep elf zephyrmancer (D:15)
  2 orc knights (D:15)
  2 wizards (D:15)
  A wolf spider zombie (D:15)
  A necromancer (D:15)
  5 deep elf pyromancers
  4 manticores
  5 orc sorcerers
  9 ugly things
  5 cyclopes
  Joseph (D:11)
  A moth of wrath (D:15)
  A smoke demon (Depths:1)
  5 elephants (Lair:5)
  A naga mage (D:15)
  8 black mambas
  3 gargoyles
  7 cane toads
  3 molten gargoyles (Lair:5)
  6 torpor snails
  A centaur skeleton (D:15)
  8 rime drakes
  A demonic crawler (D:15)
  An efreet (D:15)
  An unseen horror (D:10)
  Maggie (D:7)
  3 kobold demonologists
  3 tengu conjurers
  A yaktaur (D:15)
  A redback zombie (D:15)
  5 komodo dragons
  A freezing wraith (D:15)
  A queen bee (shapeshifter) (D:11)
  10 trolls
  A queen bee (D:13)
  6 meliai
  A tyrant leech (D:15)
  3 hornets
  A wolf spider simulacrum (D:15)
  10 dream sheep
  9 slime creatures
  4 blink frogs (Lair:5)
  Sigmund (D:2)
  A shadow (D:11)
  3 vampires (D:12)
  5 wraiths
  33 yaks
  12 wyverns
  Eustachio (D:6)
  10 basilisks
  A golden eye (Lair:2)
  5 steam dragons
  6 vampire mosquitoes
  2 swamp worms (D:15)
  12 wargs
  4 hell hounds (Lair:5)
  2 acid dragons
  12 water moccasins
  23 orc warriors
  4 black bears
  3 ice beasts
  9 wolves
  5 boggarts (D:14)
  8 ogres
  7 centaurs
  2 phantoms
  8 bullfrogs
  6 kobold brigands
  A gnoll sergeant (D:7)
  3 scorpions
  10 wights
  24 killer bees
  6 howler monkeys
  5 lava snakes (Lair:5)
  5 jellies
  A gnoll bouda (D:7)
  A hound (D:5)
  32 orc priests
  A boggart zombie (D:15)
  An iguana (D:5)
  23 orc wizards
  8 hell rats (Lair:4)
  9 adders
  26 gnolls
  8 river rats
  A shadow imp (D:7)
  A white imp (D:5)
  An ufetubus (D:7)
  4 worms
  2 dart slugs
  107 orcs
  9 ball pythons
  5 endoplasms
  4 giant cockroaches
  4 goblins
  3 hobgoblins
  4 jackals
  5 quokkas
  6 frilled lizards
  21 kobolds
  5 rats
726 creatures vanquished.

Vanquished Creatures (collateral kills)
  3 yaks (Lair:4)
3 creatures vanquished.

Vanquished Creatures (others)
  A stone giant (Depths:1)
  An ettin (Depths:1)
  A dream sheep (Lair:4)
  An orc warrior (D:15)
  An orc priest (Orc:2)
  23 fungi
  38 plants
66 creatures vanquished.

Grand Total: 795 creatures vanquished

Notes
Turn   | Place    | Note
-------+----------+-------------------------------------------
     0 | D:1      | Armakuni the Human Monk began the quest for the Orb.
     0 | D:1      | Reached XP level 1. HP: 18/18 MP: 1/1
   397 | D:1      | Reached XP level 2. HP: 24/24 MP: 2/2
  1139 | D:3      | Reached XP level 3. HP: 13/29 MP: 3/3
  1278 | D:3      | Found a sparkling altar of Nemelex Xobeh.
  1329 | D:3      | Found a faded altar of an unknown god.
  1468 | D:2      | Noticed Sigmund
  1743 | D:3      | Reached XP level 4. HP: 27/37 MP: 4/4
  1969 | D:3      | Found an ornate altar of the Wu Jian Council.
  1993 | D:3      | Reached XP level 5. HP: 28/43 MP: 5/5
  2088 | D:3      | Found a broken altar of Ashenzari.
  2090 | D:3      | Found a white marble altar of Elyvilon.
  2103 | D:3      | Became a worshipper of Elyvilon the Healer
  2103 | D:3      | Reached * piety under Elyvilon
  2103 | D:3      | Reached ** piety under Elyvilon
  2224 | D:3      | Reached skill level 1 in Invocations
  2234 | D:3      | Reached skill level 2 in Invocations
  2389 | D:3      | Reached XP level 6. HP: 48/49 MP: 7/7
  3008 | D:2      | Gained mutation: Your muscles are strong. (Str +4, Int/Dex
                  | -1) [potion of mutation]
  3008 | D:2      | Gained mutation: You are partially covered in iridescent
                  | scales. (AC +2) [potion of mutation]
  3081 | D:3      | Reached skill level 3 in Invocations
  3386 | D:4      | Reached skill level 4 in Invocations
  3386 | D:4      | Reached skill level 1 in Evocations
  3483 | D:4      | Found a staircase to the Ecumenical Temple.
  3490 | D:4      | Reached XP level 7. HP: 53/55 MP: 10/10
  3495 | Temple   | Entered the Ecumenical Temple
  3610 | D:4      | Reached *** piety under Elyvilon
  3708 | D:4      | Reached skill level 5 in Evocations
  4291 | D:5      | Entered Level 5 of the Dungeon
  4357 | D:5      | Reached XP level 8. HP: 51/61 MP: 11/11
  4706 | D:5      | Found a glowing drain.
  4710 | Sewer    | Entered a sewer
  4944 | Sewer    | Reached **** piety under Elyvilon
  5596 | D:5      | Noticed a troll
  5604 | D:5      | Killed a troll
  5605 | D:5      | Reached skill level 10 in Evocations
  6077 | D:5      | Reached skill level 1 in Poison Magic
  6412 | D:6      | Reached XP level 9. HP: 66/66 MP: 12/12
  6751 | D:6      | Reached ***** piety under Elyvilon
  6765 | D:6      | Found Coesaom's Antique Weapon Shoppe.
  6774 | D:6      | Bought an iridescent mace for 192 gold pieces
  6774 | D:6      | Identified the +5 mace of the Shrike {flame, rF+} (You
                  | bought it in a shop on level 6 of the Dungeon)
  6777 | D:6      | Bought a quarterstaff for 96 gold pieces
  6932 | D:6      | Noticed Eustachio
  6950 | D:6      | Killed Eustachio
  6951 | D:6      | Reached skill level 5 in Staves
  7025 | D:6      | Reached skill level 5 in Poison Magic
  7781 | D:7      | Reached XP level 10. HP: 73/73 MP: 13/13
  7856 | D:7      | Noticed Maggie
  7865 | D:7      | Killed Maggie
  8294 | D:2      | Killed Sigmund
  8941 | D:9      | Found a shimmering altar of Xom.
  9036 | D:9      | Reached skill level 10 in Poison Magic
  9130 | D:9      | Found a staircase to the Lair.
  9151 | D:9      | Found a blossoming altar of Fedhas.
  9151 | D:9      | Found a shadowy altar of Dithmenos.
  9201 | D:9      | Reached skill level 5 in Invocations
  9215 | D:9      | Reached skill level 6 in Invocations
  9618 | D:10     | Entered Level 10 of the Dungeon
  9650 | D:9      | Reached skill level 7 in Invocations
  9650 | D:9      | Reached XP level 11. HP: 55/78 MP: 16/16
  9704 | D:10     | Reached skill level 8 in Invocations
  9775 | D:10     | Found Decis's Specific Store.
  9777 | D:10     | Found Amisynea's General Store.
  9785 | D:10     | Bought a potion of heal wounds for 75 gold pieces
  9785 | D:10     | Bought a scroll of brand weapon for 142 gold pieces
  9911 | D:10     | Noticed a two-headed ogre
  9925 | D:10     | Killed a two-headed ogre
  9933 | D:10     | Noticed a sixfirhy
  9940 | D:10     | Reached skill level 9 in Invocations
  9968 | D:10     | Reached skill level 10 in Invocations
 10259 | D:10     | Found a shimmering blue altar of Sif Muna.
 10481 | D:10     | Found a runed translucent gate.
 10481 | D:10     | Found a runed translucent gate.
 10482 | D:10     | Found a runed translucent gate.
 10485 | D:10     | Noticed initializr's ghost (journeyman OgVM)
 10485 | D:10     | Noticed Cosuykann's ghost (journeyman HuIE)
 10611 | D:11     | Noticed Joseph
 10631 | D:11     | Killed Joseph
 10635 | D:11     | Identified the +5 quarterstaff of Lykhluugg {holy, rF-
                  | rC+++ rCorr Str+4}
 10707 | D:11     | Noticed a manticore
 10714 | D:11     | Killed a manticore
 11327 | D:12     | Noticed a deep elf pyromancer
 11340 | D:11     | Killed a deep elf pyromancer
 11340 | D:11     | a guardian serpent changed into an entropy weaver
 11340 | D:11     | Noticed an entropy weaver (shapeshifter)
 11341 | D:11     | Reached XP level 12. HP: 78/84 MP: 16/19
 11347 | D:11     | Killed an entropy weaver
 11371 | D:12     | Noticed a skeletal warrior
 11605 | D:12     | Reached skill level 10 in Staves
 11784 | D:12     | Noticed a two-headed ogre
 11829 | D:12     | Killed a two-headed ogre
 12155 | D:12     | Found a staircase to the Orcish Mines.
 12715 | D:12     | Killed a skeletal warrior
 12824 | D:13     | Found Jylargh's Book Shop.
 12885 | D:13     | Noticed a seven-headed hydra
 12911 | D:13     | Reached skill level 5 in Fighting
 12926 | D:13     | Killed a seven-headed hydra
 13113 | D:13     | Noticed a centaur warrior
 13180 | D:13     | Noticed a two-headed ogre
 13188 | D:13     | Noticed a catoblepas
 13190 | D:13     | Killed a two-headed ogre
 13191 | D:13     | Reached skill level 5 in Dodging
 13191 | D:13     | Reached XP level 13. HP: 88/93 MP: 20/20
 13204 | D:13     | Killed a catoblepas
 13261 | D:13     | Killed a centaur warrior
 13302 | D:12     | Noticed a centaur warrior
 13328 | D:12     | Killed a centaur warrior
 13940 | D:14     | Noticed a five-headed hydra
 14085 | D:13     | Killed a five-headed hydra
 14189 | D:14     | Found a gate to the Vaults.
 14291 | Lair:1   | Entered Level 1 of the Lair of Beasts
 14998 | Lair:1   | Noticed Gastronok
 15028 | Lair:1   | Killed Gastronok
 15029 | Lair:1   | Reached XP level 14. HP: 78/109 MP: 21/21
 15437 | Lair:2   | Found a staircase to the Shoals.
 15574 | Lair:1   | Reached skill level 10 in Fighting
 15675 | Lair:2   | Reached skill level 10 in Dodging
 15695 | Lair:2   | Reached skill level 1 in Armour
 15818 | Lair:2   | Found a staircase to the Snake Pit.
 16286 | Lair:2   | Found a snail-covered altar of Cheibriados.
 16294 | Lair:2   | Reached skill level 5 in Armour
 17097 | Lair:3   | Found the +8 demon blade "Leech" {vamp, Harm Drain rN+}
 18187 | Lair:4   | Reached XP level 15. HP: 96/114 MP: 22/22
 18384 | Lair:4   | Reached skill level 10 in Armour
 18566 | Lair:4   | Noticed Snorg
 18678 | Lair:5   | Entered Level 5 of the Lair of Beasts
 18782 | Lair:4   | Killed Snorg
 19144 | Lair:5   | Identified the +3 sling "Arufo" {flame, rF++ Str+4 Dex+2}
 19417 | Lair:5   | Reached skill level 11 in Invocations
 19506 | Lair:5   | Found a shimmering altar of Xom.
 19904 | Lair:5   | Reached skill level 12 in Invocations
 20172 | Lair:5   | Found a large runed translucent door.
 20173 | Lair:5   | Found a large runed translucent door.
 20444 | Orc:1    | Entered Level 1 of the Orcish Mines
 20446 | Orc:1    | Noticed Sonja
 20447 | Orc:1    | Sonja changed into Sonja the ogre
 20447 | Orc:1    | Noticed Sonja
 20451 | Orc:1    | Killed Sonja the ogre
 20461 | Orc:1    | Paralysed by an orc sorcerer for 4 turns
 20471 | Orc:1    | Reached skill level 13 in Invocations
 20667 | Orc:2    | Entered Level 2 of the Orcish Mines
 20887 | Orc:1    | Found Gaelon's Vocational Training.
 20904 | Orc:1    | Bought a manual of Invocations for 1120 gold pieces
 20976 | Orc:2    | Found a staircase to the Elven Halls.
 21005 | Orc:2    | Noticed Saint Roka
 21010 | Orc:2    | Reached skill level 14 in Invocations
 21016 | Orc:2    | Killed Saint Roka
 21208 | Orc:2    | Reached skill level 15 in Invocations
 22102 | Orc:2    | Reached skill level 16 in Invocations
 22297 | Orc:2    | Found Kaesiosm's Distillery.
 22297 | Orc:2    | Found Nyecicla's Book Shop.
 22369 | Orc:2    | Found Dacul's Book Emporium.
 22369 | Orc:2    | Found Sulewk's Armour Shop.
 22384 | Orc:2    | Reached XP level 16. HP: 122/122 MP: 28/28
 22577 | Orc:2    | Bought a potion of heal wounds for 50 gold pieces
 22577 | Orc:2    | Bought a potion of heal wounds for 50 gold pieces
 22577 | Orc:2    | Bought a potion of heal wounds for 50 gold pieces
 22838 | Temple   | Fell from the grace of Elyvilon
 22838 | Temple   | Became a worshipper of the Shining One
 22838 | Temple   | Reached * piety under the Shining One
 23118 | D:13     | Bought a book of Blood for 308 gold pieces
 23122 | D:13     | Learned a level 2 spell: Wereblood
 23285 | D:14     | Reached skill level 1 in Transmutations
 23287 | D:14     | Reached skill level 1 in Spellcasting
 23445 | D:14     | Found a transporter.
 23447 | D:14     | Noticed Ticzumol's ghost (journeyman DEFE)
 23448 | D:14     | Reached ** piety under the Shining One
 23454 | D:14     | Found a transporter.
 23727 | D:14     | Found a portal to a secret trove of treasure.
 23804 | D:15     | Entered Level 15 of the Dungeon
 24167 | D:15     | Reached skill level 5 in Transmutations
 24409 | D:15     | Reached skill level 17 in Invocations
 24477 | D:15     | Reached *** piety under the Shining One
 24551 | D:15     | Found a staircase to the Depths.
 24754 | D:15     | Reached skill level 18 in Invocations
 25204 | Depths:1 | Entered Level 1 of the Depths
 25435 | Depths:1 | Reached skill level 19 in Invocations
 25564 | Depths:1 | Slain by a sun demon

Illustrated notes

Levels and vault maps discovered:
D:1:      minmay_arrival_nine_rooms, layout_loops_ring
D:2:      layout_basic, uniq_sigmund
D:3:      layout_basic, nemelex_altar_shiori, grunt_temple_overflow_open,
          hellmonk_ecumenical_altar_crossroads
D:4:      layout_basic, minmay_temple_entry_proselytizer, nicolae_grassy_gnolls
D:5:      layout_layer_cave, gup_sewer_entry_spiral
D:6:      layout_layer_cave, serial_shops, nicolae_shop_stone, grunt_decor_cap,
          kennysheep_flooded_box, nicolae_titane, uniq_eustachio
D:7:      layout_basic, uniq_maggie
D:8:      layout_basic
D:9:      layout_irregular_city, gammafunk_temple_overflow_statue,
          mainiacjoe_overflow_concentric_impassable, lair_entry_dummy,
          serial_bayou_ford_a
D:10:     layout_gridville, mainiacjoe_overflow_six_doors_small,
          gammafunk_ghost_cemetery, nicolae_specific_store,
          hangedman_decor_diamond_cutter, hangedman_glass_teeth
D:11:     layout_loops_ring, grunt_ministairs_9, minmay_sticks_and_stones
D:12:     minmay_isolated_rectangles_in_corner, layout_irregular_city,
          david_orc_1_choice
D:13:     layout_rooms, special_room [special_room_bee], serial_shops, shop
D:14:     layout_cross, erik_vaults_1, enter_trove_2, gammafunk_ghost_arena,
          serial_park, serial_park_square2, serial_park_square3
          [serial_park_minivault_5x5_4], serial_park_tiny_pond, minivault_16,
          minivault_11, hex_tiny
D:15:     grunt_enter_depths_magical_seal, layout_stronghold, hex_medium,
          worms_lemuel
Temple:   compressed_dpeg_circular_temple
Lair:1:   layout_layer_cave, infiniplex_staircase_pool, uniq_gastronok
Lair:2:   dpeg_oklob_gauntlet, layout_regular_city, elwin_shoals_entry_rocks,
          dummy_snake_entry, columned_hall_lemuel, kennysheep_snail_temple,
          lemuel_fruit_fields
Lair:3:   layout_layer_cave, dreamdust_deal_with_the_devil,
          nicolae_lair_grove_arrangements
Lair:4:   layout_roguey [special_room_mythical_zoo], kennysheep_basilisk_garden,
          uniq_snorg
Lair:5:   cheibrodos_lair_end_hotspot, layout_long_grid,
          minmay_slime_entry_oklob_enclosed, basic_altar
Orc:1:    layout_caves, nicolae_orc_rockfall, nicolae_shop_vocational,
          uniq_sonja
Orc:2:    st_orc_town, layout_caves, mines2_david, uniq_saint_roka
Depths:1: layout_roguey, hellmouth_3, nicolae_abyss_entry_one_way_or_another,
          hangedman_abyss_or_decor_passed, lemuel_flamethrower_2

Skill      XL: |  1  2  3  4  5  6  7  8  9 10 11 12 13 14 15 16 |
---------------+-------------------------------------------------+-----
Fighting       | 4 6 9 10 | 10.0
Unarmed Combat | 4 |  4.5
Invocations    | 2 4 7 10 16 19 | 19.3
Evocations     | 2 7 10 | 10.0
Staves         | 3 5 8 12 | 12.0
Poison Magic   | 1 7 10 | 10.0
Dodging        | 5 9 10 | 10.0
Armour         | 9 10 | 10.0
Transmutations | 5 |  5.0
Spellcasting   | 3 |  3.0
Stealth        | |  2.0

Action                   |  1- 3 |  4- 6 |  7- 9 | 10-12 | 13-15 | 16-18 || total
-------------------------+-------+-------+-------+-------+-------+-------++-------
Melee: Unarmed           |   123 |   159 |   292 |       |       |       ||   574
       Punch             |     1 |     5 |    15 |    16 |    40 |    18 ||    95
       Staff             |       |       |    89 |   394 |  1311 |   263 ||  2057
       Mace              |       |       |    52 |   188 |       |       ||   240
       Morningstar       |       |       |     6 |       |       |       ||     6
       Quarterstaff      |       |       |       |    14 |   162 |   179 ||   355
Throw: Javelin           |     5 |    11 |    10 |     4 |       |       ||    30
       Dart              |       |       |    18 |     1 |     2 |     4 ||    25
       Boomerang         |       |       |       |     1 |       |       ||     1
       Throwing net      |       |       |       |     4 |     2 |     1 ||     7
Invok: Heal Self         |       |       |     2 |    14 |    33 |       ||    49
       Purification      |       |       |     1 |     4 |     9 |       ||    14
       Heal Other        |       |       |       |       |     2 |       ||     2
       Cleansing Flame   |       |       |       |       |       |    10 ||    10
       Divine Shield     |       |       |       |       |       |     2 ||     2
Evoke: Wand              |       |       |    13 |    19 |    21 |    24 ||    77
       Tin of tremorston |       |       |       |       |     4 |     1 ||     5
  Use: Scroll            |     7 |     4 |     4 |    12 |    13 |     2 ||    42
       Potion            |       |     1 |       |     1 |     4 |     1 ||     7
 Stab: Sleeping          |     5 |     5 |     1 |     3 |     4 |       ||    18
       Distracted        |       |     1 |       |     1 |     1 |       ||     3
       Held in net/web   |       |       |       |     4 |       |       ||     4
       Invisible         |       |       |       |     2 |       |       ||     2
       Petrified         |       |       |       |       |     1 |       ||     1
       Paralysed         |       |       |       |       |     7 |       ||     7
Armor: Robe              |    35 |    59 |    90 |       |       |       ||   184
       Troll leather arm |       |       |    72 |   268 |   473 |   147 ||   960
Dodge: Dodged            |    73 |   102 |   281 |   375 |  1161 |   230 ||  2222
       Repelled          |       |       |       |     2 |     6 |     4 ||    12
Block: Other             |       |       |       |       |       |    11 ||    11

Table legend: (Time is in decaauts)
 A = Elapsed time spent in this place.
 B = Non-inter-level travel time spent in this place.
 C = Inter-level travel time spent in this place.
 D = Time resting spent in this place.
 E = Time spent auto-exploring this place.
 F = Levels seen in this place.
 G = Mean time per level.
                   A        B        C        D        E       F      G
               +--------+--------+--------+--------+--------+-----+--------+
         Total |  25102 |  23076 |   2026 |   2458 |  12731 |  25 | 1004.1 |
       Dungeon |  16041 |  14474 |   1567 |   1490 |   7953 |  15 | 1069.4 |
        Temple |    108 |     74 |     34 |      0 |     56 |   1 |  108.0 |
          Lair |   5795 |   5447 |    348 |    516 |   3515 |   5 | 1159.0 |
  Orcish Mines |   2004 |   1933 |     71 |    329 |    623 |   2 | 1002.0 |
        Depths |    327 |    322 |      5 |    122 |     15 |   1 |  327.0 |
         Sewer |    825 |    825 |      0 |      0 |    568 |   1 |  825.0 |
               +--------+--------+--------+--------+--------+-----+--------+

Top non-repeatable levels by time:
     D:3: 1654 daAuts
    D:12: 1603 daAuts
     D:5: 1467 daAuts
  Lair:1: 1354 daAuts
    D:15: 1345 daAuts
  Lair:5: 1251 daAuts
     D:6: 1236 daAuts
  Lair:3: 1231 daAuts
    D:11: 1161 daAuts
   Orc:2: 1126 daAuts
     D:4: 1102 daAuts
    D:13: 1077 daAuts
  Lair:4: 1020 daAuts
    D:10: 978 daAuts
  Lair:2: 937 daAuts
